 Dungeon Crawl Stone Soup version 0.31-a0-876-gfe8ebadbca (webtiles) character file.

Game seed: 14457464987924903995

16 Azuregosa the Sneak (level 2, -1/21 HPs)
             Began as an Octopode Delver on Oct 13, 2023.
             Slain by a sleepcap (4 damage)
             ... on level 4 of the Dungeon.
             The game lasted 00:01:34 (99 turns).

Azuregosa the Sneak (Octopode Delver)                 Turns: 99, Time: 00:01:35

Health: -1/21      AC:  1    Str: 11    XL:     2   Next: 54%
Magic:  2/2        EV: 13    Int: 12    God:
Gold:   18         SH:  0    Dex: 13    Spells: 1/1 levels left

rFire   . . .        a - +0 spear
rCold   . . .        (no shield)
rNeg    . . .        (helmet restricted)
rPois   .            (no amulet)
rElec   .            (no ring)
rCorr   .            (no ring)
SInv    .            (no ring)
Will    .....        (no ring)
Stlth   +++++        (no ring)
HPRegen 0.23/turn    (no ring)
MPRegen 0.08/turn    (no ring)
                     (no ring)

%: no passive effects
@: no status effects
A: almost no armour, amphibious, 8 rings, camouflage 1, gelatinous body 1,
(nimble swimmer 1), tentacles
a: no special abilities


You were on level 4 of the Dungeon.
You visited 1 branch of the dungeon, and saw 3 of its levels.

You collected 18 gold pieces.

Inventory:

Hand Weapons
 a - a +0 spear (weapon)
Wands
 f - a wand of digging (3)
Scrolls
 b - a scroll of fog
 c - a scroll of teleportation {unknown}
Potions
 e - a potion of haste


   Skills:
 - Level 3.0 Fighting
 - Level 2.0 Polearms
 - Level 2.0 Dodging
 + Level 7.5 Stealth


You had one spell level left.
You didn't know any spells.
Your spell library was empty.

Dungeon Overview and Level Annotations

Branches:
Dungeon (6/15)             Temple (0/1) D:5

Altars:

Annotations:
D:5 1 runed translucent door, Stil's ghost, amateur SpCj


Innate Abilities, Weirdness & Mutations

You cannot wear most types of armour.
You are amphibious.
You can wear up to eight rings at the same time.
Your skin changes colour to match your surroundings (Stealth+).
Your rubbery body absorbs attacks. (AC +1, EV +1)
((You are camouflaged when in or above water. (Stealth+)))
You have tentacles for arms and can constrict up to eight enemies at once.


Message History

The sleepcap closely misses you.
You hit the sleepcap but do no damage. You squeeze the sleepcap.
The sleepcap is moderately damaged.
You constrict the sleepcap, but do no damage.
The sleepcap completely misses you.
You completely miss the sleepcap.
The sleepcap is moderately damaged.
You constrict the sleepcap. The quokka closely misses you.
The sleepcap releases spores at you!
You are engulfed in a cloud of soporific spores!
You fall asleep.
You lose your grip on the sleepcap.
The quokka bites you.
You wake up.
The sleepcap closely misses you.
You hit the quokka. You grab the quokka.
The quokka is moderately wounded.
You constrict the quokka. The quokka barely misses you.
The sleepcap releases spores at you.
* * * LOW HITPOINT WARNING * * *
Unknown command.
As you read the scroll of fear, it crumbles to dust.
You assume a fearsome visage.
The sleepcap is unaffected.
The quokka looks frightened!
You constrict the quokka, but do no damage.
The quokka struggles to escape constriction.
The quokka escapes!
The sleepcap releases spores at you.
* * * LOW HITPOINT WARNING * * *
You hit the sleepcap but do no damage. You grab the sleepcap.
The sleepcap is moderately damaged.
You constrict the sleepcap, but do no damage.
The sleepcap misses you.
You hit the sleepcap.
You squeeze the sleepcap, but do no damage.
The sleepcap is heavily damaged.
You constrict the sleepcap, but do no damage.
The sleepcap closely misses you.
You hit the sleepcap but do no damage. You squeeze the sleepcap.
The sleepcap is heavily damaged.
You constrict the sleepcap, but do no damage.
The sleepcap releases spores at you.
You die...

## #. #.### ### #.
[.. ..( .
#.###.###.# ..
#...#.....# $..
#)..###f# ....
##....#@# .....
#....#.#......
####(....#
############..####..
#...........).......
#.##########r######.
#.# #.# #.# #.#
###.##########.#


You could see a sleepcap and a quokka (fleeing).

Vanquished Creatures
  An adder (D:4)
  A dart slug (D:4)
  A giant cockroach (D:4)
  2 goblins (D:4)
5 creatures vanquished.

Notes
Turn   | Place    | Note
-------+----------+-------------------------------------------
     0 | D:5      | Azuregosa the Octopode Delver began the quest for the Orb.
     0 | D:5      | Reached XP level 1. HP: 16/16 MP: 1/1
     1 | D:6      | Noticed a jelly
     9 | D:5      | Noticed Stil's ghost (amateur SpCj)
     9 | D:5      | Noticed a yak
     9 | D:5      | Found a runed translucent door.
    19 | D:5      | Noticed an orc wizard
    19 | D:5      | Noticed an orc priest
    85 | D:4      | Reached skill level 7 in Stealth
    85 | D:4      | Reached XP level 2. HP: 19/21 MP: 2/2
    99 | D:4      | Slain by a sleepcap

Illustrated notes

Levels and vault maps discovered:
D:4:      layout_loops_ring, minmay_misc_feat_tower, minmay_quantized,
          uniq_robin, uniq_menkaure
D:5:      layout_loops_ring, minmay_temple_entry_waves,
          ebering_ghost_inner_flame, uniq_blork_the_orc, uniq_edmund
D:6:      layout_basic, mainiacjoe_overflow_concentric_impassable,
          nicolae_ru_sacrificial_ziggurat, nicolae_shop_unique_rings,
          uniq_sigmund, uniq_grinder

Skill      XL: |  1 |
---------------+----+-----
Stealth        | 7 |  7.5
Fighting       | |  3.0
Polearms       | |  2.0
Dodging        | |  2.0

Action                     || total
---------------------------++-------
  Melee: Spear             ||    16
         Constrict         ||     7
         Tentacles         ||     5
    Use: Scroll            ||     2
 Armour: Skin              ||     9
  Dodge: Dodged            ||    11

Table legend: (Time is in decaauts)
 A = Elapsed time spent in this place.
 B = Non-inter-level travel time spent in this place.
 C = Inter-level travel time spent in this place.
 D = Time resting spent in this place.
 E = Time spent auto-exploring this place.
 F = Levels seen in this place.
 G = Mean time per level.
                   A        B        C        D        E       F      G
               +--------+--------+--------+--------+--------+-----+--------+
         Total |     99 |     99 |      0 |      0 |      9 |   3 |   33.0 |
       Dungeon |     99 |     99 |      0 |      0 |      9 |   3 |   33.0 |
               +--------+--------+--------+--------+--------+-----+--------+

Top non-repeatable levels by time:
     D:4: 77 daAuts
     D:5: 18 daAuts
     D:6: 3 daAuts
